 Dungeon Crawl Stone Soup version 0.31-a0-234-gad7ace16ef (webtiles) character file.

Game seed: 14234985222852130335

14 qw the Shooter (level 2, -1/16 HPs)
             Began as a Gargoyle Hexslinger on July 9, 2023.
             Slain by a worm (3 damage)
             ... on level 2 of the Dungeon.
             The game lasted 00:00:08 (316 turns).

qw the Shooter (Gargoyle Hexslinger)                 Turns: 316, Time: 00:00:09

Health: -1/16      AC:  4    Str: 11    XL:     2   Next: 45%
Magic:  3/3        EV: 12    Int: 13    God:
Gold:   25         SH:  0    Dex: 12    Spells: 2/3 levels left

rFire   . . .        a - +1 sling
rCold   . . .        (no shield)
rNeg    + . .        c - +0 robe
rPois   inf          (no helmet)
rElec   +            (no cloak)
rCorr   .            (no gloves)
SInv    .            (no boots)
Will    .....        (no amulet)
Stlth   +            (no ring)
HPRegen 0.22/turn    (no ring)
MPRegen 0.08/turn

%: no passive effects
@: no status effects
A: sickness immunity, AC +2, negative energy resistance 1, electricity
resistance, torment resistance 1, petrification resistance
a: no special abilities


You were on level 2 of the Dungeon.
You visited 1 branch of the dungeon, and saw 2 of its levels.

You collected 25 gold pieces.


Innate Abilities, Weirdness & Mutations

You are immune to sickness and miasma.
Your stone body is resilient. (AC +2)
You are immune to poison.
You resist negative energy. (rN+)
You are resistant to electric shocks. (rElec)
You are resistant to unholy torment.
You are immune to petrification.


   Skills:
 + Level 1.2 Fighting
 - Level 3.0 Ranged Weapons
 - Level 1.5 Dodging
 - Level 1.0 Spellcasting
 - Level 2.6 Hexes


You had 2 spell levels left.
You knew the following spells:

 Your Spells              Type           Power      Damage    Failure   Level
a - Slow                  Hex            28%        N/A       10%         1

Your spell library contained the following spells:

 Spells                   Type           Power      Damage    Failure   Level
 Inner Flame              Hex/Fire       4%         N/A       43%         3
 Portal Projectile        Hex/Tloc       8%         N/A       43%         3
 Cause Fear               Hex            3%         N/A       67%         4

Inventory:

Hand Weapons
 a - a +1 sling (weapon)
Armour
 c - a +0 robe (worn)
 d - a +0 ring mail
Scrolls
 b - a scroll of poison
 f - a scroll of immolation {unknown}
 g - 2 scrolls of identify {unknown}
Potions
 e - 3 potions of curing {unknown}

Dungeon Overview and Level Annotations

Branches:
Dungeon (1/15)

Altars:


Message History

You shoot a sling bullet.
The sling bullet hits the endoplasm but does no damage.
You shoot a sling bullet. The sling bullet hits the endoplasm.
The endoplasm is heavily wounded.
The endoplasm misses you.
You shoot a sling bullet. The sling bullet hits the endoplasm.
You kill the endoplasm!
f - a scroll labelled VAEQIDIDIK
Enter note: A sourceless malevolence fills the Dungeon...
You fall into a shaft and drop 1 floor!
The shaft crumbles and collapses.
e - 2 inky potions (gained 1)
g - a scroll labelled UNLIEM NINLIELE Waypoint 1 assigned to D:2.
Found 2 atropa-tipped darts.
You see here 2 atropa-tipped darts.
You see here the +5 trident "Itoxtol" {heavy, Int+3 Stlth+}.
e - 3 inky potions (gained 1)
Found a stone staircase leading down.
g - 2 scrolls labelled UNLIEM NINLIELE (gained 1)
There is a shaft here.
A worm comes into view.
You shoot a sling bullet. The sling bullet hits the worm.
The worm is lightly wounded.
You shoot a sling bullet.
The sling bullet barely misses the worm.
The worm bites you!
You shoot a sling bullet. The sling bullet hits the worm.
The worm is moderately wounded.
The worm bites you but does no damage.
You shoot a sling bullet.
The sling bullet completely misses the worm.
You shoot a sling bullet. The sling bullet hits the worm.
The worm is heavily wounded.
The worm bites you!
Ouch! That really hurt!
You shoot a sling bullet. The sling bullet hits the worm!
The worm is almost dead.
The worm bites you.
You die...

###..# #.#
#..# #.#
#..## #.#
#...# #.#
##..# #.#
#..####.#
#.......#
#.#....>###
#.#.###.@.#
#.#.###.#w#
#.#.....#.#
#.#####^#.#
#.......#..
###########


You could see a worm.

Vanquished Creatures
  2 dart slugs (D:1)
  2 endoplasms (D:1)
  A hobgoblin (D:1)
  A kobold (D:1)
  A ball python (D:1)
  A frilled lizard (D:1)
  2 goblins (D:1)
10 creatures vanquished.

Notes
Turn   | Place    | Note
-------+----------+-------------------------------------------
     0 | D:1      | qw the Gargoyle Hexslinger began the quest for the Orb.
     0 | D:1      | Reached XP level 1. HP: 12/12 MP: 2/2
     0 | D:1      | 0 ||| qw: Version: 0.3-a-51-g015441d
     0 | D:1      | 0 ||| qw: Game counter: 4140
     0 | D:1      | 0 ||| qw: Melee chars always use a shield: true
     0 | D:1      | 0 ||| qw: God list: Okawaru
     0 | D:1      | 0 ||| qw: Allow faded altars: false
     0 | D:1      | 0 ||| qw: Do Orc after clearing Dungeon:15 true
     0 | D:1      | 0 ||| qw: Do second Lair branch before Depths: true
     0 | D:1      | 0 ||| qw: Lair rune preference: random
     0 | D:1      | 0 ||| qw: Goals: Normal
     0 | D:1      | 0 ||| PLANNING D:1-11
    60 | D:1      | Reached XP level 2. HP: 16/16 MP: 3/3
   137 | D:1      | 137 ||| FLEEEEING.
   138 | D:1      | 138 ||| FLEEEEING.
   139 | D:1      | 139 ||| FLEEEEING.
   151 | D:1      | 151 ||| Stepping ~*~*~tactically~*~*~ (outnumbered).
   155 | D:1      | Reached skill level 3 in Ranged Weapons
   202 | D:1      | You fall into a shaft and drop 1 floor!
   245 | D:2      | Identified the +5 trident "Itoxtol" {heavy, Int+3 Stlth+}
   315 | D:2      | HP: 2/16 [worm (8)]
   316 | D:2      | Slain by a worm

Levels and vault maps discovered:
D:1:      lightli_arrival_maybe_door_vault, layout_basic
D:2:      layout_basic, serial_shops, shop, uniq_terence

Skill      XL: |  1  2 |
---------------+-------+-----
Ranged Weapons | 3 |  3.0
Fighting       | |  1.2
Dodging        | |  1.5
Spellcasting   | |  1.0
Hexes          | |  2.6

Action                     || total
---------------------------++-------
   Fire: Sling             ||    31
 Armour: Robe              ||     2
  Dodge: Dodged            ||     5

Table legend:
 A = Non-vault XP
 B = Vault XP
 C = Vault XP percentage of total XP
 D = Non-vault monster count
 E = Vault monster count
 F = Vault count percentage of total count
                 A         B        C        D         E       F
            +---------+---------+-------+---------+---------+-------
      Total |      21 |       0 |   0.0 |      10 |       0 |   0.0
            +---------+---------+-------+---------+---------+-------
        D:1 |      21 |       0 |   0.0 |      10 |       0 |   0.0
            +---------+---------+-------+---------+---------+-------
